AoeStats
← Papa Gentil

Nomad

503450095Analyzed
4v4 RM · 1mo ago on Aug 31, 2026· 46m 0s· 8 players
Game mode
Random Map
Map size
231×231
Population
200
Speed
Normal
Resources
Standard
Victory
Conquest
Starting age
Dark Age
Ending age
Imperial Age
RankedLock teamsTeams togetherTeam positionsShared explorationLock speedFull tech treeHidden civsTurbo modeCheats
Victory
Defeat
🇨🇭 Persians · Switzerland
1233
+14
🇩🇰 Mongols · Denmark
1228
+14
🇩🇪 Poles · Germany
1198
+15
🇩🇰 Wu · Denmark
1169
+17
🇸🇪 Franks · Sweden
1221
-17
🇸🇪 Persians · Sweden
1187
-15
🇸🇪 Italians · Sweden
1183
-15
🇩🇪 Poles · Germany
1152
-13
nikias.marquardt
11:34 Loom
14:20 Feudal Age
16:38 Bloodlines
17:20 Double-Bit Axe
17:28 Horse Collar
20:13 Castle Age
19:57 Scale Barding Armor
22:35 Bow Saw
22:28 Heavy Plow
23:29 Szlachta Privileges
26:28 Szlachta Privileges
27:59 Husbandry
28:12 Forging
29:41 Chain Barding Armor
28:44 Light Cavalry
31:31 Wheelbarrow
35:42 Imperial Age
34:40 Iron Casting
33:55 Fletching
35:37 Hand Cart
35:50 Cavalier
36:25 Winged Hussar
37:13 Town Watch
38:33 Blast Furnace
37:29 Bodkin Arrow
38:25 Conscription
40:12 Lechitic Legacy
42:06 Town Patrol
42:38 Crop Rotation
43:51 Bracer
46:29 Masonry
Geronimo
10:47 Loom
13:17 Feudal Age
14:40 Double-Bit Axe
15:04 Horse Collar
18:11 Castle Age
16:27 Gold Mining
18:08 Scale Barding Armor
18:13 Forging
18:56 Bloodlines
21:15 Heavy Plow
28:16 Bow Saw
33:29 Imperial Age
31:03 Town Watch
31:53 Wheelbarrow
32:45 Chain Barding Armor
33:11 Iron Casting
33:28 Hand Cart
33:23 Heavy Camel Rider
34:03 Husbandry
35:04 Plate Barding Armor
35:47 Two-Man Saw
37:31 Chemistry
36:42 Masonry
36:28 Murder Holes
36:04 Cavalier
38:41 Blast Furnace
39:23 Savar
42:53 Architecture
42:44 Ballistics
42:48 Conscription
42:54 Fletching
44:24 Crop Rotation
44:37 Devotion
45:12 Theocracy
44:33 Herbal Medicine
44:54 Block Printing
44:46 Padded Archer Armor
44:41 Bodkin Arrow
45:51 Gold Shaft Mining
45:55 Coinage
45:26 Caravan
46:01 Kamandaran
Doctorbonus
3:54 Loom
13:22 Feudal Age
13:53 Town Watch
13:57 Double-Bit Axe
18:48 Castle Age
17:02 Fletching
18:04 Fishing Lines
18:24 Stone Mining
19:53 Medium Warships
19:46 Bodkin Arrow
21:10 Bow Saw
25:18 Gold Mining
26:36 Horse Collar
28:31 Ballistics
28:53 Treadmill Crane
29:48 Clinker Construction
31:38 Red Cliffs Tactics
32:07 Padded Archer Armor
37:48 Imperial Age
36:49 Leather Archer Armor
36:47 Masonry
37:17 Scale Mail Armor
37:27 Forging
37:03 Pikeman
37:43 Squires
38:55 Wheelbarrow
39:03 Conscription
38:20 Halberdier
39:26 Chain Mail Armor
40:34 Heavy Plow
40:45 Bracer
41:21 Hand Cart
43:38 Chemistry
42:33 Elite Fire Archer
44:14 Plate Mail Armor
43:33 Arson
46:01 Iron Casting
46:16 Town Patrol
Muff
5:01 Loom
12:12 Feudal Age
13:40 Double-Bit Axe
14:59 Town Watch
15:50 Wheelbarrow
16:23 Forging
17:19 Scale Barding Armor
23:18 Castle Age
22:30 Horse Collar
22:46 Stone Mining
22:46 Gold Mining
26:16 Husbandry
26:26 Bloodlines
27:00 Iron Casting
26:45 Chain Barding Armor
26:44 Hand Cart
29:40 Bow Saw
29:41 Heavy Plow
30:26 Medium Warships
32:34 Gold Shaft Mining
32:36 Stone Shaft Mining
33:51 Fletching
34:02 Padded Archer Armor
35:14 Bodkin Arrow
35:47 Ballistics
39:21 Imperial Age
39:50 Town Patrol
40:05 Bracer
40:20 Leather Archer Armor
41:22 Chemistry
42:10 Conscription
42:08 Elite Mangudai
Rullator
4:29 Loom
12:20 Feudal Age
13:44 Double-Bit Axe
16:22 Wheelbarrow
19:31 Castle Age
17:27 Fletching
21:11 Medium Warships
21:00 Bodkin Arrow
21:43 Bow Saw
24:26 Hand Cart
34:48 Imperial Age
33:16 Fishing Lines
34:37 Ballistics
34:12 Gold Mining
34:13 Stone Mining
34:19 Stone Mining
35:34 Bracer
35:34 Padded Archer Armor
36:37 Chemistry
38:27 Leather Archer Armor
40:03 Two-Man Saw
38:50 Town Watch
39:38 Ring Archer Armor
38:46 Elite Genoese Crossbowman
40:03 Conscription
43:03 Thumb Ring
KillerKing
4:46 Loom
14:34 Feudal Age
16:15 Scale Barding Armor
16:52 Double-Bit Axe
17:08 Town Watch
17:58 Wheelbarrow
17:44 Fishing Lines
20:09 Forging
27:46 Castle Age
26:27 Fletching
29:22 Bodkin Arrow
29:49 Husbandry
30:39 Bow Saw
30:48 Hand Cart
32:38 Gold Mining
34:06 Chain Barding Armor
Papa Gentil
5:24 Loom
13:24 Feudal Age
15:40 Double-Bit Axe
20:14 Castle Age
28:14 Bloodlines
33:24 Husbandry
37:14 Horse Collar
4♚Dreams
5:12 Loom
15:05 Feudal Age
16:15 Horse Collar
16:29 Fishing Lines
22:16 Castle Age
20:08 Stone Mining
22:13 Wheelbarrow
22:43 Double-Bit Axe
22:51 Gillnets
23:52 Stone Shaft Mining
24:56 Hand Cart
28:15 Bow Saw
30:01 Szlachta Privileges
30:28 Scale Barding Armor
31:14 Heavy Plow
32:16 Husbandry
32:27 Bloodlines
33:17 Gold Mining
34:20 Forging
34:31 Chain Barding Armor
35:59 Iron Casting
41:36 Imperial Age
41:40 Cavalier
Connection lost

Rejoining the realm…

Still unreachable

The connection could not be restored.

Session expired

The server has moved on; the page needs a fresh start.